 Dungeon Crawl Stone Soup version 0.29-a0-330-g52719c12eb (webtiles) character file.

Game seed: 4853863714281522522

1636 Crownlay the Firebug (level 8, -12/60 HPs)
             Began as a Gnoll Fire Elementalist on May 3, 2022.
             Was an Initiate of Vehumet.
             Mangled by Duvessa
             ... wielding a +0 short sword
              (15 damage)
             ... on level 6 of the Dungeon.
             The game lasted 00:11:51 (6414 turns).

Crownlay the Firebug (Gnoll Fire Elementalist)      Turns: 6414, Time: 00:11:52

Health: -12/60     AC:  6    Str:  8    XL:     8   Next: 98%
Magic:  12/17      EV: 14    Int: 16    God:    Vehumet [......]
Gold:   41         SH:  0    Dex: 13    Spells: 9/19 levels left

rFire   + . .      SeeInvis .   x - staff of fire
rCold   . . .      Faith    .   (no shield)
rNeg    + + .      Spirit   .   z - +2 robe {rN+}
rPois   .          Reflect  .   (no helmet)
rElec   .          Harm     .   (no cloak)
rCorr   .          Rampage  .   n - +0 pair of gloves
Will    .....                   m - +0 pair of boots
Stlth   +++.......              (no amulet)
HPRegen 0.20/turn               y - ring of positive energy
MPRegen 0.15/turn               (no ring)

@: no status effects
A: fangs 1, strong nose, distributed training
a: Renounce Religion


You were on level 6 of the Dungeon.
You worshipped Vehumet.
Vehumet was noncommittal.
You visited 2 branches of the dungeon, and saw 7 of its levels.

You collected 151 gold pieces.
You spent 110 gold pieces at shops.

Inventory:

Armour
 m - a +0 pair of boots (worn)
 n - a +0 pair of gloves (worn)
 w - a +0 kite shield
 z - a +2 robe of positive energy (worn)
Magical Staves
 x - a staff of fire (weapon)
Jewellery
 y - a ring of positive energy (left hand)
Wands
 q - a wand of flame (14)
 t - a wand of mindburst (17)
Scrolls
 c - a scroll of magic mapping
 d - a scroll of enchant armour
 e - 4 scrolls of teleportation
 h - 2 scrolls of enchant weapon
 i - 3 scrolls of identify
Potions
 a - a potion of flight {unknown}
 g - a potion of haste {unknown}
 j - 2 potions of lignification {unknown}
 k - a potion of berserk rage {unknown}
 l - 2 potions of attraction
 o - a potion of heal wounds
 p - 3 potions of curing {unknown}
 s - 2 potions of brilliance {unknown}
 v - a potion of cancellation {unknown}


   Skills:
 + Level 3.7 Fighting
 + Level 3.7 Short Blades
 + Level 3.7 Long Blades
 + Level 3.7 Axes
 + Level 3.7 Maces & Flails
 + Level 3.7 Polearms
 + Level 3.7 Staves
 + Level 3.7 Slings
 + Level 3.7 Bows
 + Level 3.7 Crossbows
 + Level 3.7 Throwing
 + Level 3.7 Armour
 + Level 6.0 Dodging
 + Level 5.6 Stealth
 + Level 3.7 Shields
 + Level 3.7 Unarmed Combat
 + Level 6.3 Spellcasting
 + Level 3.8 Conjurations
 + Level 3.0 Hexes
 + Level 3.0 Summonings
 + Level 3.0 Necromancy
 + Level 3.0 Translocations
 + Level 3.0 Transmutations
 + Level 6.3 Fire Magic
 + Level 3.0 Ice Magic
 + Level 3.0 Air Magic
 + Level 3.0 Earth Magic
 + Level 3.0 Poison Magic
 + Level 4.1 Invocations
 + Level 3.7 Evocations


You had 9 spell levels left.
You knew the following spells:

 Your Spells              Type           Power      Damage    Failure   Level
a - Foxfire               Conj/Fire      100%       2x1d9     1%          1
b - Scorch                Fire           76%        2d9       1%          2
c - Inner Flame           Hex/Fire       30%        N/A       6%          3
d - Flame Wave            Conj/Fire      31%        2d8       17%         4

Your spell library contained the following spells:

 Spells                   Type           Power      Damage    Failure   Level
 Magic Dart               Conj           68%        1d6       2%          1
 Animate Skeleton         Necr           28%        N/A       3%          1
 Conjure Flame            Conj/Fire      31%        6-21      4%          3
 Call Imp                 Summ           14%        N/A       6%          2
 Mephitic Cloud           Conj/Pois/Air  15%        N/A       11%         3


Dungeon Overview and Level Annotations

Branches:
Dungeon (6/15)             Temple (1/1) D:5

Altars:
Ashenzari
Cheibriados
Dithmenos
Elyvilon
Fedhas
Gozag
Hepliaklqana
Kikubaaqudgha
Okawaru
Ru
Sif Muna
Trog
Vehumet
Wu Jian
Zin
The Shining One

Shops:
D:5 !

Annotations:
D:5 2 transporters, NigelTetley's ghost, amateur OpTm
D:6 Duvessa


Innate Abilities, Weirdness & Mutations

You have very sharp teeth.
Your uncanny sense of smell can sniff out nearby items.
Your experience applies equally to all skills.


Message History

Duvessa hits you with a +0 short sword. Magic courses through your body.
The foxfire hits Duvessa!
Duvessa is burned terribly!
Duvessa is moderately wounded.
The foxfire hits Duvessa but does no damage.
Duvessa is moderately wounded.
Duvessa barely misses you. Duvessa misses you.
Casting: Foxfire (safe; 1% risk of failure)
Confirm with . or Enter, or press ? or * to list all spells.
You feel a surge of power!
You conjure some foxfire!
Duvessa is no longer more vulnerable to fire.
Duvessa barely misses you.
Casting: Foxfire (safe; 1% risk of failure)
Confirm with . or Enter, or press ? or * to list all spells.
You feel a surge of power!
Flames lash Duvessa.
Duvessa is moderately wounded.
Duvessa's fire resistance burns away.
The foxfire hits Duvessa but does no damage.
Duvessa is moderately wounded.
The foxfire hits Duvessa!
Duvessa is burned terribly!
Duvessa is heavily wounded.
Duvessa hits you with a +0 short sword!
* * * LOW HITPOINT WARNING * * *
Duvessa hits you with a +0 short sword.
* * * LOW HITPOINT WARNING * * *
Casting: Scorch (safe; 1% risk of failure)
Confirm with . or Enter, or press ? or * to list all spells.
You feel a surge of power!
You conjure some foxfire!
Duvessa hits you with a +0 short sword!
* * * LOW HITPOINT WARNING * * *
Casting: Foxfire (safe; 1% risk of failure)
Confirm with . or Enter, or press ? or * to list all spells.
You feel a surge of power!
Flames lash Duvessa.
Duvessa is burned terribly!
Duvessa is severely wounded.
The foxfire hits Duvessa.
Duvessa is burned terribly!
Duvessa is severely wounded.
The foxfire hits Duvessa!
Duvessa is burned terribly!
Duvessa is almost dead.
Duvessa hits you with a +0 short sword!
You die...

####### ## #<....#
.# ## #.....###
###.##...
#[..§@e.###.......
#...§###......##
#....# #.......#
####.# #.#o))..#
##...##)#...# ##.
#.##.## #. ... .#
..##.. .. .. #...
..


You could see Duvessa (berserk, combustible).

Vanquished Creatures
  Pikel (D:5)
  Grinder (D:5)
  Menkaure (D:5)
  A phantom (D:4)
  2 centaurs (D:5)
  4 lemures
  2 necrophages
  2 scorpions
  Dowan (D:6)
  2 hounds
  A jelly (D:5)
  3 iguanas
  An orc wizard (D:6)
  2 adders
  4 gnolls (D:3)
  A white imp (D:3)
  2 orcs
  5 bats
  6 endoplasms
  4 giant cockroaches
  6 goblins
  8 hobgoblins
  4 jackals (D:3)
  A quokka (D:1)
  8 ball pythons
  3 frilled lizards
  4 kobolds
  4 rats
84 creatures vanquished.

Vanquished Creatures (others)
  An endoplasm (D:4)
  A quokka (D:4)
  A kobold (D:4)
  366 foxfires
  13 plants (D:5)
382 creatures vanquished.

Grand Total: 466 creatures vanquished

Notes
Turn   | Place    | Note
-------+----------+-------------------------------------------
     0 | D:1      | Crownlay the Gnoll Fire Elementalist began the quest for
                  | the Orb.
     0 | D:1      | Reached XP level 1. HP: 13/13 MP: 6/6
   468 | D:1      | Reached XP level 2. HP: 19/19 MP: 5/7
   471 | D:1      | Learned a level 2 spell: Scorch
   520 | D:1      | Found a faded altar of an unknown god.
  1748 | D:2      | Reached XP level 3. HP: 25/25 MP: 5/9
  1752 | D:2      | Learned a level 3 spell: Inner Flame
  1875 | D:2      | Reached skill level 5 in Spellcasting
  2387 | D:3      | Reached skill level 1 in Invocations
  2485 | D:3      | Found a hazy altar of Hepliaklqana.
  2670 | D:3      | Found a shimmering blue altar of Sif Muna.
  2685 | D:3      | Reached skill level 1 in Fighting
  2685 | D:3      | Reached skill level 1 in Short Blades
  2685 | D:3      | Reached skill level 1 in Long Blades
  2685 | D:3      | Reached skill level 1 in Axes
  2685 | D:3      | Reached skill level 1 in Maces & Flails
  2685 | D:3      | Reached skill level 1 in Polearms
  2685 | D:3      | Reached skill level 1 in Staves
  2685 | D:3      | Reached skill level 1 in Slings
  2685 | D:3      | Reached skill level 1 in Bows
  2685 | D:3      | Reached skill level 1 in Crossbows
  2685 | D:3      | Reached skill level 1 in Throwing
  2685 | D:3      | Reached skill level 1 in Armour
  2685 | D:3      | Reached skill level 1 in Shields
  2685 | D:3      | Reached skill level 1 in Unarmed Combat
  2685 | D:3      | Reached skill level 1 in Evocations
  2685 | D:3      | Reached XP level 4. HP: 12/32 MP: 2/11
  2884 | D:3      | Got Sif Muna's Papyrus of Unholy Rituals
  2890 | D:3      | Found a bloodstained altar of Trog.
  3090 | D:3      | Reached skill level 1 in Hexes
  3090 | D:3      | Reached skill level 1 in Summonings
  3090 | D:3      | Reached skill level 1 in Necromancy
  3090 | D:3      | Reached skill level 1 in Translocations
  3090 | D:3      | Reached skill level 1 in Transmutations
  3090 | D:3      | Reached skill level 1 in Ice Magic
  3090 | D:3      | Reached skill level 1 in Air Magic
  3090 | D:3      | Reached skill level 1 in Earth Magic
  3090 | D:3      | Reached skill level 1 in Poison Magic
  3172 | D:3      | Reached XP level 5. HP: 9/37 MP: 1/12
  4058 | D:4      | Learned a level 4 spell: Flame Wave
  4140 | D:4      | Found a white marble altar of Elyvilon.
  4166 | D:4      | Noticed a phantom
  4171 | D:4      | Killed a phantom
  4172 | D:4      | Reached XP level 6. HP: 44/44 MP: 4/14
  4268 | D:4      | Reached skill level 5 in Dodging
  4694 | D:5      | Entered Level 5 of the Dungeon
  4702 | D:5      | Reached XP level 7. HP: 38/50 MP: 8/15
  5218 | D:5      | Noticed Pikel
  5395 | D:5      | Noticed Menkaure
  5401 | D:5      | Killed Menkaure
  5402 | D:5      | Reached skill level 5 in Stealth
  5545 | D:5      | Noticed Grinder
  5553 | D:5      | Killed Grinder
  5554 | D:5      | Reached XP level 8. HP: 57/57 MP: 8/16
  5688 | D:5      | Identified a scroll of acquirement
  5689 | D:5      | Acquired a staff of fire
  5747 | D:5      | Killed Pikel
  5832 | D:5      | Found a staircase to the Ecumenical Temple.
  5837 | Temple   | Entered the Ecumenical Temple
  5842 | Temple   | Became a worshipper of Vehumet
  5951 | D:5      | Identified the +0 scale mail of the Lair of Beasts {Str+5
                  | Dex+2}
  6000 | D:5      | Found a transporter.
  6026 | D:5      | Found a transporter.
  6029 | D:5      | Noticed NigelTetley's ghost (amateur OpTm)
  6070 | D:5      | Found a snail-covered altar of Cheibriados.
  6149 | D:5      | Found Piaf's Distillery.
  6154 | D:5      | Bought a potion of heal wounds for 55 gold pieces
  6154 | D:5      | Bought 2 potions of degeneration for 22 gold pieces
  6154 | D:5      | Bought a potion of attraction for 33 gold pieces
  6382 | D:6      | Noticed Dowan
  6394 | D:6      | Noticed Duvessa
  6395 | D:6      | Killed Dowan
  6413 | D:6      | HP: 3/60 [Duvessa/+0 short sword (12)]
  6414 | D:6      | Mangled by Duvessa

Illustrated notes

Levels and vault maps discovered:
D:1:      dpeg_arrival_tiny_b, layout_basic, basic_ecumenical_altar,
          serial_rivers, chequers_serial_rivers_small_b,
          chequers_serial_rivers_large_b, chequers_serial_rivers_small_b,
          chequers_serial_rivers_micro_d, chequers_serial_rivers_marsh,
          chequers_serial_rivers_marsh
D:2:      layout_rooms
D:3:      layout_basic, nzn_overflow_gifts_of_might_and_magic,
          lemuel_crystal_altar, patterned_corridor
D:4:      layout_basic, elyvilon_altar_4
D:5:      layout_rooms, general_overflow_altar,
          minmay_temple_entry_gardened_gates, serial_shops,
          kennysheep_little_box, gammafunk_ghost_gnarly_gnolls, uniq_grinder,
          uniq_menkaure, uniq_pikel
D:6:      layout_loops_cross, hellmonk_ghost_happy_afterlife, uniq_duvessa,
          uniq_edmund
Temple:   minmay_freezing_vapour_temple

Skill      XL: |  1  2  3  4  5  6  7  8 |
---------------+-------------------------+-----
Conjurations   | 2 3 |  3.8
Spellcasting   | 5 6 |  6.3
Invocations    | 1 2 3 4 |  4.1
Fighting       | 1 2 3 |  3.7
Short Blades   | 1 2 3 |  3.7
Long Blades    | 1 2 3 |  3.7
Axes           | 1 2 3 |  3.7
Maces & Flails | 1 2 3 |  3.7
Polearms       | 1 2 3 |  3.7
Staves         | 1 2 3 |  3.7
Slings         | 1 2 3 |  3.7
Bows           | 1 2 3 |  3.7
Crossbows      | 1 2 3 |  3.7
Throwing       | 1 2 3 |  3.7
Armour         | 1 2 3 |  3.7
Shields        | 1 2 3 |  3.7
Unarmed Combat | 1 2 3 |  3.7
Evocations     | 1 2 3 |  3.7
Hexes          | 1 2 3 |  3.0
Summonings     | 1 2 3 |  3.0
Necromancy     | 1 2 3 |  3.0
Translocations | 1 2 3 |  3.0
Transmutations | 1 2 3 |  3.0
Ice Magic      | 1 2 3 |  3.0
Air Magic      | 1 2 3 |  3.0
Earth Magic    | 1 2 3 |  3.0
Poison Magic   | 1 2 3 |  3.0
Dodging        | 5 6 |  6.0
Stealth        | 5 |  5.6
Fire Magic     | 6 |  6.3

Action                   |  1- 3 |  4- 6 |  7- 9 || total
-------------------------+-------+-------+-------++-------
Melee: Unarmed           |     2 |       |       ||     2
       Bite              |     1 |       |       ||     1
       Dagger            |     5 |     7 |     2 ||    14
 Cast: Foxfire           |   116 |    64 |    49 ||   229
       Scorch            |     2 |    21 |    14 ||    37
       Inner Flame       |       |       |     4 ||     4
       Flame Wave        |       |       |     1 ||     1
  Use: Scroll            |     6 |     1 |     3 ||    10
       Potion            |       |       |     3 ||     3
Armor: Robe              |     6 |     5 |     3 ||    14
Dodge: Dodged            |    18 |    17 |    18 ||    53

Table legend: (Time is in decaauts)
 A = Elapsed time spent in this place.
 B = Non-inter-level travel time spent in this place.
 C = Inter-level travel time spent in this place.
 D = Time resting spent in this place.
 E = Time spent auto-exploring this place.
 F = Levels seen in this place.
 G = Mean time per level.
                   A        B        C        D        E       F      G
               +--------+--------+--------+--------+--------+-----+--------+
         Total |   6472 |   5963 |    509 |      0 |   5245 |   7 |  924.6 |
       Dungeon |   6462 |   5953 |    509 |      0 |   5245 |   6 | 1077.0 |
        Temple |     10 |     10 |      0 |      0 |      0 |   1 |   10.0 |
               +--------+--------+--------+--------+--------+-----+--------+

Top non-repeatable levels by time:
     D:3: 1664 daAuts
     D:1: 1589 daAuts
     D:4: 1204 daAuts
     D:2: 937 daAuts
     D:5: 932 daAuts
     D:6: 134 daAuts
  Temple: 10 daAuts
